Map: Dusk Towers

Players

respectable

  • Race: Zerg Zerg
  • League: Silver

lesha - Winner!

  • Race: Terran Terran
  • League: Silver

VOD

Have the link to the VOD?

Description

Time

  • Played on: Dec. 23, 2015, 9:49 a.m.
  • Length: 11:05
Show
View Real Time Build Order
Export as new Build Order

respectable Zerg 

Build Orders: Pool First 

Get SALT Encoding   

  12  0:17  Spawning Pool  
  11  0:22  Extractor  
  11  0:24  Drone  
  11  0:29  Drone  
  11  0:35  Drone  
  13  0:44  Overlord  
  13  1:08  Zergling x6  
  16  1:14  Queen  
  18  1:23  Drone  
  19  1:30  Drone  
  20  1:40  Overlord  
  20  1:52  Drone  
  19  2:36  Spine Crawler  
  18  2:38  Spine Crawler  
  18  2:40  Drone x2  
  18  2:41  Drone x3  
  22  2:44  Overlord  
  22  3:01  Drone  
  22  3:02  Roach Warren, Drone x3  
  25  3:21  Drone x2, Extractor  
  26  3:28  Overlord  
  26  3:40  Hatchery  
  25  3:48  Roach  
  25  3:49  Roach  
  25  3:51  Roach  
  31  4:04  Overlord x2  
  31  4:15  Lair  
  31  4:40  Spore Crawler  
  31  4:44  Spore Crawler  
  31  4:45  Drone x3  
  32  4:50  Roach  
  32  4:51  Roach  
  36  4:53  Drone  
  37  5:11  Drone  
  37  5:12  Queen  
  37  5:14  Drone x2  
  41  5:19  Drone x2  
  44  5:21  Drone  
  45  5:32  Drone x2  
  47  5:35  Spore Crawler  
  46  5:43  Drone  
  47  5:50  Spore Crawler  
  47  5:53  Drone  
  47  6:05  Drone x2  
  47  6:06  Drone x4  
  53  6:11  Extractor  
  53  6:13  Extractor  
  53  6:16  Drone x3  
  53  6:34  Spire  
  50  6:57  Queen  
  49  7:45  Mutalisk  
  49  7:46  Mutalisk x5  
  61  7:55  Roach x3  
  61  7:58  Overlord x3  
  67  8:23  Drone x3  
  70  8:32  Mutalisk x2  
  70  8:33  Mutalisk  
  76  8:36  Mutalisk  
  76  8:37  Mutalisk x2  
  82  8:43  Overlord  
  66  9:33  Roach x7  
  66  9:34  Roach  
  66  9:36  Roach x4  
  26  10:37  Hatchery  
Show
View Real Time Build Order
Export as new Build Order

lesha Terran - Winner!

Build Orders: Reaper Expand 

Get SALT Encoding   

  12  0:01  SCV  
  13  0:13  SCV  
  14  0:18  Supply Depot  
  14  0:25  SCV  
  15  0:40  Barracks  
  16  0:47  SCV, Refinery  
  16  0:59  SCV  
  18  1:11  SCV  
  18  1:23  SCV  
  19  1:29  Command Center  
  19  1:33  Reaper  
  20  1:42  Orbital Command  
  20  1:51  Supply Depot  
  20  2:20  Marine  
  21  2:36  SCV  
  22  2:44  Orbital Command  
  22  2:47  Marine  
  22  2:48  SCV  
  24  2:53  Factory  
  24  3:00  SCV  
  24  3:02  Barracks  
  25  3:13  SCV  
  25  3:17  SCV  
  26  3:24  Refinery  
  26  3:25  Barracks Reactor  
  26  3:31  SCV x2  
  28  3:37  Supply Depot x2  
  28  3:40  Factory Tech Lab  
  28  3:41  Starport  
  28  3:43  SCV x2  
  30  3:55  SCV x2  
  31  3:57  Barracks Tech Lab  
  35  4:03  Liberator  
  35  4:07  SCV x2  
  34  4:17  Marine x2  
  34  4:18  Barracks  
  34  4:19  SCV, Marauder  
  34  4:20  SCV, Barracks  
  43  4:30  Supply Depot  
  43  4:33  Supply Depot  
  43  4:35  Marine  
  44  4:43  Marauder  
  44  4:45  Marine  
  47  4:47  Siege Tank  
  50  4:53  SCV x2, Refinery, Marine  
  50  4:55  Refinery  
  53  5:03  Marine  
  53  5:04  Marauder  
  53  5:05  SCV x2  
  58  5:07  Starport Reactor  
  58  5:08  Barracks Reactor  
  58  5:09  Barracks Reactor, Engineering Bay  
  58  5:11  Marine  
  59  5:21  Marine  
  60  5:22  SCV x2  
  60  5:25  Marine  
  63  5:32  Engineering Bay  
  63  5:34  SCV  
  63  5:35  SCV  
  65  5:39  Marine x2  
  69  5:44  Medivac, Marauder  
  69  5:45  Medivac  
  73  5:57  Marine x5  
  78  6:08  Supply Depot  
  78  6:10  Supply Depot x2  
  78  6:13  Supply Depot  
  78  6:30  SCV x2, Marine x6  
  78  6:31  Marine  
  87  6:38  Terran Infantry Weapons Level 1, Terran Infantry Armor Level 1  
  87  6:42  SCV x2  
  89  6:47  Marine x6  
  89  6:49  Marine  
  89  6:54  SCV x2, Medivac x2  
  98  6:57  Stimpack  
  102  7:09  SCV x2  
  102  7:13  Marine x2  
  102  7:14  Command Center, Marine x4  
  110  7:23  SCV x2, Marine  
  110  7:24  Medivac x2  
  117  7:31  Marine x3  
  117  7:32  Marine  
  117  7:35  Marine x2  
  123  7:40  Marine  
  123  7:42  SCV  
  123  7:43  SCV  
  126  7:49  Armory  
  126  7:57  SCV x2, Marine x5  
  133  7:59  Marauder  
  133  8:00  Supply Depot  
  133  8:03  Supply Depot  
  133  8:05  Supply Depot, Marine  
  136  8:06  Supply Depot  
  136  8:14  Marine x2  
  135  8:20  Marauder  
  135  8:25  Marine x2  
  135  8:26  Marine x2  
  141  8:27  Medivac  
  141  8:28  Medivac  
  141  8:30  Supply Depot  
  141  8:32  Marine x2  
  147  8:36  Terran Infantry Weapons Level 2  
  146  8:42  Marauder  
  146  8:43  Marine x3  
  143  9:05  Missile Turret  
  143  9:07  Missile Turret  
  143  9:08  Missile Turret  
  140  9:11  Missile Turret  
  123  9:49  Missile Turret  
  123  9:51  Missile Turret  
  121  9:53  Missile Turret  
  121  9:54  Missile Turret  
  121  9:57  Missile Turret  
  116  10:15  Marine x4  
  116  10:16  Marine x2  
  116  10:18  Factory Reactor  
  123  10:22  Barracks Reactor  
  122  10:33  Marine x6  
Tags
 
Add a new tag
Caveats
  • Supply blocks, unpowered buildings, or Contaminate may cause inaccurate times.
  • Supply counts are checked every 10 seconds.